 Dungeon Crawl Stone Soup version 0.26.0-45-g9c1d065592 (webtiles) character file.

Game seed: 8784647123821777730

1233 pokeman the Thaumaturge (level 8, -4/44 HPs)
             Began as a Deep Elf Hedge Wizard on Jan 29, 2021.
             Was an Initiate of Vehumet.
             Slain by an unseen horror (8 damage)
             ... on level 6 of the Dungeon.
             The game lasted 00:16:05 (7434 turns).

pokeman the Thaumaturge (Deep Elf Hedge Wizard)     Turns: 7434, Time: 00:16:06

Health: -4/44      AC:  7    Str:  7    XL:     8   Next: 24%
Magic:  16/23      EV: 12    Int: 22    God:    Vehumet [......]
Gold:   294        SH:  0    Dex: 14    Spells: 14/25 levels left

rFire    . . .     SeeInvis .   y - +1 mace (drain)
rCold    . . .     Faith    .   (no shield)
rNeg     . . .     Spirit   .   f - +0 leather armour (curse)
rPois    .         Reflect  .   m - +0 helmet
rElec    .         Harm     .   t - +0 cloak (curse)
rCorr    .         Rampage  .   i - +0 pair of gloves
Will     .....                  w - +0 pair of boots
Stlth    ++........             p - amulet of inaccuracy (curse)
HPRegen  0.14/turn              B - ring of wizardry
MPRegen  0.18/turn              E - ring of flight

@: no status effects
A: no striking features
a: Renounce Religion, Evoke Flight


You were on level 6 of the Dungeon.
You worshipped Vehumet.
Vehumet was noncommittal.
You visited 2 branches of the dungeon, and saw 7 of its levels.

You collected 294 gold pieces.

Inventory:

Hand Weapons
 y - a +1 mace of draining (weapon)
 C - a +0 shortbow
Missiles
 e - 60 bolts
 h - 63 arrows
Armour
 f - a cursed +0 leather armour (worn)
 i - a +0 pair of gloves (worn)
 m - a +0 helmet (worn)
 t - a cursed +0 cloak (worn)
 w - a +0 pair of boots (worn)
Magical Staves
 z - an uncursed staff of air
Jewellery
 o - an uncursed amulet of the acrobat
 p - a cursed amulet of inaccuracy (around neck)
 B - a ring of wizardry (left hand)
 E - a ring of flight (right hand)
Wands
 s - a wand of random effects (21)
Scrolls
 a - a scroll of fog {unknown}
 b - 2 scrolls of remove curse {unknown}
 j - 2 scrolls of blinking {unknown}
 l - 5 scrolls of identify {unknown}
 n - 2 scrolls of magic mapping {unknown}
 u - a scroll of enchant armour {unknown}
 x - 2 scrolls of teleportation {unknown}
 F - a scroll of random uselessness {unknown}
 G - a scroll of immolation {unknown}
Potions
 c - a potion of haste {unknown}
 d - 2 potions of flight {unknown}
 g - a potion of magic {unknown}
 k - a potion of lignification {unknown}
 q - a potion of cancellation {unknown}
 r - 2 potions of mutation {unknown}
 v - 2 potions of might {unknown}
 A - a potion of curing {unknown}
 D - a potion of degeneration {unknown}


   Skills:
 - Level 2.0 Fighting
 + Level 2.1 Armour
 - Level 3.0 Dodging
 - Level 3.1 Stealth
 * Level 9.2 Spellcasting
 + Level 4.8 Conjurations
 - Level 1.1 Summonings
 - Level 1.1 Translocations
 + Level 3.7 Fire Magic
 - Level 1.0 Air Magic
 - Level 1.0 Poison Magic
 - Level 1.1 Evocations


You had 14 spell levels left.
You knew the following spells:

 Your Spells              Type           Power        Failure   Level
a - Magic Dart            Conj           100%         1%          1
b - Mephitic Cloud        Conj/Pois/Air  20%          4%          3
c - Call Imp              Summ           15%          3%          2
d - Blink                 Tloc           N/A          3%          2
e - Conjure Flame         Conj/Fire      29%          1%          3

Your spell library contained the following spells:

 Spells                   Type           Power        Failure   Level
 Slow                     Hex            10%          6%          2


Dungeon Overview and Level Annotations

Branches:
Dungeon (6/15)             Temple (1/1) D:5

Altars:
Ashenzari
Dithmenos
Elyvilon
Fedhas
Hepliaklqana
Kikubaaqudgha
Makhleb
Okawaru
Ru
Sif Muna
Uskayaw
Vehumet
The Shining One

Shops:
D:4 *


Message History

Casting: Call Imp (safe; 3% risk of failure)
Confirm with . or Enter, or press ? or * to list all spells.
The fire begins to smolder!
Something closely misses your shadow imp.
Something hits your shadow imp.
Your shadow imp barely misses something.
Something hits your shadow imp!
Your shadow imp dies!
The fire ignites!
Something hits you but does no damage. Something hits you! Something hits you.
Something hits you but does no damage. Something hits you but does no damage.
Something hits you.
* * * LOW HITPOINT WARNING * * *
Something hits you but does no damage. Something hits you.
* * * LOW HITPOINT WARNING * * *
Something hits you.
* * * LOW HITPOINT WARNING * * *
Something hits you!
You die...

.........#................
.........#................
.........#................
##########....############
#........# #.######.# #####
#.#......# #....
#.#.##########.#.#
#@#.#.............
#ยง#.#..#######.#.#
#.#.#..# #.#.#
#.#.#.########.#.#
#..#######.#............#.#
#..........#...##########.#
#..#########.#.#<.# #..
#.#.##.# ### #......#


There were no monsters in sight!

Vanquished Creatures
  2 sky beasts (D:5)
  A black bear (D:4)
  An ogre (D:5)
  A centaur (D:5)
  A gnoll sergeant (D:5)
  4 scorpions
  A water moccasin skeleton (D:6)
  2 hounds
  A quasit (D:5)
  A bullfrog skeleton (D:4)
  A gnoll shaman (D:4)
  An iguana (D:2)
  A worker ant (D:4)
  A hound skeleton (D:4)
  Robin (D:2)
  10 gnolls
  7 adders
  A shadow imp (D:5)
  An ufetubus (D:5)
  2 adder skeletons
  2 worms
  2 dart slugs
  4 leopard geckos
  3 orcs
  2 ball pythons
  3 bats
  6 giant cockroaches
  14 goblins
  11 hobgoblins
  4 jackals (D:1)
  2 quokkas
  A ball python zombie (D:5)
  2 frilled lizards
  2 kobolds
  A leopard gecko skeleton (D:5)
  A quokka skeleton (D:3)
  10 rats
111 creatures vanquished.

Vanquished Creatures (collateral kills)
  Crazy Yiuf (D:2)
  2 adders (D:3)
  3 gnolls (D:3)
  2 goblins (D:2)
8 creatures vanquished.

Vanquished Creatures (others)
  2 fungi (D:1)
  3 toadstools (D:1)
5 creatures vanquished.

Grand Total: 124 creatures vanquished

Notes
Turn   | Place    | Note
-------+----------+-------------------------------------------
     0 | D:1      | pokeman the Deep Elf Hedge Wizard began the quest for the
                  | Orb.
     0 | D:1      | Reached XP level 1. HP: 10/10 MP: 7/7
   140 | D:1      | Reached XP level 2. HP: 15/15 MP: 1/9
   687 | D:1      | Reached skill level 5 in Spellcasting
   977 | D:1      | Reached XP level 3. HP: 15/20 MP: 5/11
   981 | D:1      | Learned a level 3 spell: Mephitic Cloud
   984 | D:1      | Learned a level 2 spell: Call Imp
   987 | D:1      | Learned a level 2 spell: Blink
   991 | D:1      | Learned a level 3 spell: Conjure Flame
  1746 | D:2      | Noticed Robin
  1754 | D:2      | Killed Robin
  1755 | D:2      | Reached skill level 1 in Fighting
  1755 | D:2      | Reached skill level 1 in Armour
  2095 | D:2      | Reached XP level 4. HP: 25/25 MP: 6/13
  2632 | D:2      | Found a runed translucent door.
  2633 | D:2      | Noticed Crazy Yiuf
  2732 | D:2      | Killed Crazy Yiuf
  2733 | D:2      | Reached skill level 1 in Fire Magic
  2959 | D:3      | Reached skill level 6 in Spellcasting
  2959 | D:3      | Reached XP level 5. HP: 9/29 MP: 8/15
  3551 | D:3      | Found a broken altar of Ashenzari.
  3910 | D:3      | Reached skill level 1 in Air Magic
  4010 | D:3      | Reached XP level 6. HP: 34/34 MP: 10/17
  4560 | D:4      | Reached skill level 1 in Poison Magic
  4642 | D:4      | Reached skill level 7 in Spellcasting
  4857 | D:4      | Found a blossoming altar of Fedhas.
  4864 | D:4      | Found a glowing golden altar of the Shining One.
  5140 | D:4      | Found a sacrificial altar of Ru.
  5273 | D:4      | Found a hazy altar of Hepliaklqana.
  5273 | D:4      | Found an iron altar of Okawaru.
  5378 | D:4      | Reached XP level 7. HP: 39/39 MP: 15/20
  5499 | D:4      | Found Joaduqoleb's Assorted Antiques.
  5532 | D:5      | Entered Level 5 of the Dungeon
  5620 | D:5      | Reached skill level 8 in Spellcasting
  5620 | D:5      | Reached skill level 1 in Evocations
  5964 | D:5      | Found a staircase to the Ecumenical Temple.
  5975 | Temple   | Entered the Ecumenical Temple
  6004 | Temple   | Became a worshipper of Vehumet
  6468 | D:5      | Reached XP level 8. HP: 44/44 MP: 18/22
  6481 | D:5      | Reached skill level 9 in Spellcasting
  7434 | D:6      | Slain by an unseen horror

Illustrated notes

Levels and vault maps discovered:
D:1:      saegor_arrival_simple_e, layout_loops_cross, minmay_gold_behind_fungi,
          minmay_misc_feat_cross
D:2:      layout_loops_ring, grunt_decor_cap, uniq_robin,
          uniq_crazy_yiuf_cottage
D:3:      layout_loops_cross, serial_rivers, chequers_serial_rivers_micro_d,
          chequers_serial_rivers_room_b, chequers_serial_rivers_marsh,
          chequers_serial_rivers_small_a, chequers_serial_rivers_micro_a,
          chequers_serial_rivers_micro_d, cheibrodos_ashenzari_chains
D:4:      layout_loops_cross, nicolae_overflow_hidden_temple, minitemple,
          serial_shops, shop, nicolae_ru_awakened_eye
D:5:      layout_basic, minmay_temple_entry_arrows
D:6:      layout_basic, general_overflow_altar, nzn_wu_jian_council_hall
Temple:   eino_temple_water

Skill      XL: |  1  2  3  4  5  6  7  8 |
---------------+-------------------------+-----
Spellcasting   | 5 6 7 8 9 |  9.2
Conjurations   | 2 3 4 |  4.8
Fighting       | 1 2 |  2.0
Armour         | 1 2 |  2.1
Fire Magic     | 1 2 3 |  3.7
Dodging        | 3 |  3.0
Air Magic      | 1 |  1.0
Stealth        | 3 |  3.1
Poison Magic   | 1 |  1.0
Evocations     | 1 |  1.1
Summonings     | |  1.1
Translocations | |  1.1

Action                   |  1- 3 |  4- 6 |  7- 9 || total
-------------------------+-------+-------+-------++-------
Melee: Dagger            |    43 |    10 |       ||    53
       Quarterstaff      |       |    23 |       ||    23
       Mace              |       |     5 |    49 ||    54
 Cast: Magic Dart        |   106 |    88 |    75 ||   269
       Call Imp          |     1 |    10 |     5 ||    16
       Mephitic Cloud    |       |    10 |    10 ||    20
       Conjure Flame     |       |     4 |     7 ||    11
       Blink             |       |     1 |     1 ||     2
 Stab: Confused          |       |     2 |     9 ||    11
Armor: Leather armour    |    20 |    19 |    40 ||    79
       Robe              |     2 |       |       ||     2
Dodge: Dodged            |    67 |    40 |    51 ||   158
